 Dungeon Crawl Stone Soup version 0.23-a0-635-g88ca12a (webtiles) character file.

58 tilp the Chiller (level 4, -1/30 HPs)
             Began as a Merfolk Ice Elementalist on Dec 27, 2018.
             Slain by a bullfrog skeleton (5 damage)
             ... on level 2 of the Dungeon.
             The game lasted 00:05:42 (2408 turns).

tilp the Chiller (Merfolk Ice Elementalist)         Turns: 2408, Time: 00:05:43

Health: -1/30      AC:  3    Str:  8    XL:     4   Next: 1%
Magic:  2/7        EV: 12    Int: 15    God:
Gold:   77         SH:  0    Dex: 14    Spells: 1/7 levels left

rFire    . . .     SeeInvis .   a - +0 spear
rCold    . . .     Gourm    .   (no shield)
rNeg     . . .     Faith    .   k - +0 leather armour
rPois    .         Spirit   .   (no helmet)
rElec    .         Reflect  .   (no cloak)
rCorr    .         Harm     .   (no gloves)
MR       .....                  (no boots)
Stlth    ++........             (no amulet)
HPRegen  0.10/turn              (no ring)
MPRegen  0.10/turn              (no ring)

@: very slightly contaminated
A: change form in water, swift swim, stealthy swim
a: no special abilities


You were on level 2 of the Dungeon.
You were hungry.

You visited 1 branch of the dungeon, and saw 2 of its levels.

You collected 77 gold pieces.

Inventory:

Hand Weapons
 a - a +0 spear (weapon)
 b - a +0 mace of protection
Missiles
 d - 6 tomahawks (quivered)
 i - 7 javelins
Armour
 k - a +0 leather armour (worn)
Jewellery
 h - an uncursed ring of fire {unknown}
Scrolls
 e - a scroll of blinking {unknown}
 j - a scroll of magic mapping {unknown}
 m - a scroll of immolation {unknown}
Potions
 f - 2 potions of heal wounds
 l - a potion of haste
 n - a potion of flight {unknown}
Comestibles
 c - 6 rations


   Skills:
 - Level 2.6 Dodging
 - Level 2.1 Stealth
 - Level 2.0 Spellcasting
 - Level 0.7 Conjurations
 + Level 5.2 Ice Magic


You had one spell level left.
You knew the following spells:

 Your Spells              Type           Power        Failure   Level  Hunger
a - Freeze                Ice            ###.         3%          1    #......
b - Throw Frost           Conj/Ice       ##....       14%         2    ###....
c - Ozocubu's Armour      Chrm/Ice       #.......     32%         3    ###....

Your spell library contained the following spells:

 Spells                   Type           Power        Failure   Level  Hunger
 Throw Icicle             Conj/Ice       ##......     67%         4    #####..
 Summon Ice Beast         Ice/Summ       #.......     73%         4    #####..


Dungeon Overview and Level Annotations

Branches:
Dungeon (2/15)

Altars:


Message History

You hit the bullfrog skeleton.
The bullfrog skeleton is heavily damaged.
The bullfrog skeleton misses you.
You hit the bullfrog skeleton.
The bullfrog skeleton is severely damaged.
The bullfrog skeleton misses you. The bullfrog skeleton hits you.
You barely miss the bullfrog skeleton.
The bullfrog skeleton is severely damaged.
The bullfrog skeleton hits you.
You hit the bullfrog skeleton.
The bullfrog skeleton is severely damaged.
The bullfrog skeleton hits you.
* * * LOW HITPOINT WARNING * * *
The bullfrog skeleton hits you but does no damage.
You barely miss the bullfrog skeleton.
The bullfrog skeleton is severely damaged.
The bullfrog skeleton hits you but does no damage.
Your icy armour cracks and falls away as you move.
The bullfrog skeleton hits you.
You die...

### #######.## #........#
#.#####.## # #.# #.#########
# #.#####.#........ ###
########.#.Z.rb......#
..#####........#@###g#.###.#
........########.#
#.#.###.####
....##...........#
#..#........
.......###########
###.#.(.#### ....#........
#......# ....##.######
#.......# #.####.#
.Z.......# ..# #.#
.........> ### #.#
#......$..#


You could see a bat, a rat and a bullfrog skeleton.

Vanquished Creatures
  An adder (D:2)
  2 oozes
  3 worms (D:2)
  3 giant cockroaches (D:1)
  5 goblins
  4 hobgoblins
  3 jackals (D:1)
  2 kobolds (D:1)
  3 bats (D:1)
  A frilled lizard (D:2)
  3 rats (D:1)
30 creatures vanquished.

Notes
Turn   | Place    | Note
-------+----------+-------------------------------------------
     0 | D:1      | tilp the Merfolk Ice Elementalist began the quest for the
                  | Orb.
     0 | D:1      | Reached XP level 1. HP: 13/13 MP: 3/3
   658 | D:1      | Reached XP level 2. HP: 18/19 MP: 5/5
   662 | D:1      | Learned a level 2 spell: Throw Frost
   720 | D:1      | Reached skill level 4 in Ice Magic
  1118 | D:1      | Reached XP level 3. HP: 22/24 MP: 6/6
  1123 | D:1      | Learned a level 3 spell: Ozocubu's Armour
  1971 | D:2      | Reached skill level 5 in Ice Magic
  2343 | D:2      | Reached XP level 4. HP: 29/30 MP: 7/7
  2408 | D:2      | Slain by a bullfrog skeleton

Vault maps used:
D:1:      minmay_arrival_three_doors, supply_closet_lemuel, minmay_pentomino_w4

Skill      XL: |  1  2  3 |
---------------+----------+-----
Ice Magic      | 4 5 |  5.2
Dodging        | |  2.6
Stealth        | |  2.1
Spellcasting   | |  2.0
Conjurations   | |  0.7

Action                   |  1- 3 |  4- 6 || total
-------------------------+-------+-------++-------
Melee: Spear             |    70 |    18 ||    88
 Cast: Freeze            |    34 |       ||    34
       Ozocubu's Armour  |       |     1 ||     1
  Use: Scroll            |     2 |       ||     2
 Stab: Sleeping          |     2 |       ||     2
  Eat: Chunk             |     5 |       ||     5
Armor: Robe              |     9 |       ||     9
       Leather armour    |    10 |    11 ||    21
Dodge: Dodged            |    37 |    10 ||    47

Table legend:
 A = Non-vault XP
 B = Vault XP
 C = Vault XP percentage of total XP
 D = Non-vault monster count
 E = Vault monster count
 F = Vault count percentage of total count
                 A         B        C        D         E       F
            +---------+---------+-------+---------+---------+-------
      Total |      69 |      14 |  16.9 |      24 |       6 |  20.0
            +---------+---------+-------+---------+---------+-------
        D:1 |      26 |      14 |  35.0 |      15 |       6 |  28.6
        D:2 |      43 |       0 |   0.0 |       9 |       0 |   0.0
            +---------+---------+-------+---------+---------+-------
